 Dungeon Crawl Stone Soup version 0.24.1 (webtiles) character file.

Game seed: 13598824103334851358, levelgen mode: deterministic

61734 CrazyMind the Fencer (level 14, -11/125 HPs)
             Began as a Pale Draconian Berserker on Mar 30, 2020.
             Was a High Priest of Trog.
             Mangled by a very large slime creature (53 damage)
             ... on level 13 of the Dungeon on Apr 1, 2020.
             The game lasted 02:05:38 (27779 turns).

CrazyMind the Fencer (Pale Draconian Berserker)    Turns: 27779, Time: 02:05:39

Health: -11/125    AC: 13    Str: 15    XL:     14   Next: 61%
Magic:  0/4        EV: 19    Int:  9    God:    Trog [*****.]
Gold:   1705       SH:  0    Dex: 15    Spells: 13/13 levels left

rFire    . . .     SeeInvis .   f - +3 triple sword (antimagic)
rCold    + . .     Gourm    .   (shield currently unavailable)
rNeg     . . .     Faith    .   (armour unavailable)
rPois    +         Spirit   +   e - +0 hat "Naomupp Maush" {rCorr Str-4 Slay+2}
rElec    .         Reflect  .   V - +0 cloak
rCorr    +         Harm     .   n - +1 pair of gloves
MR       +....                  I - +1 pair of boots
Stlth    +.........             H - amulet of guardian spirit
HPRegen  0.30/turn              X - ring of protection from cold
MPRegen  0.09/turn              x - ring of poison resistance

@: berserk cooldown, slowed, very slow
A: breathe steam, unfitting armour, cold-blooded, AC +8
a: Breathe Steam, Berserk, Trog's Hand, Brothers in Arms, Renounce Religion


You were on level 13 of the Dungeon.
You worshipped Trog.
Trog was extremely pleased with you.
You were very hungry.

You visited 3 branches of the dungeon, and saw 20 of its levels.
You also visited: Sewer.

You collected 1705 gold pieces.

Inventory:

Hand Weapons
 f - a +3 antimagic triple sword (weapon)
 l - a +3 short sword
 D - a +0 long sword
 N - a +2 scimitar of holy wrath
Missiles
 h - 18 boomerangs
 u - 9 atropa-tipped darts
 z - 4 boomerangs of dispersal
 F - 6 javelins (quivered)
 G - 46 poisoned darts
 K - 6 datura-tipped darts
 M - a throwing net
Armour
 e - the +0 hat "Naomupp Maush" (worn) {rCorr Str-4 Slay+2}
   (You acquired it on level 4 of the Lair of Beasts)

   It affects your strength (-4).
   It affects your accuracy and damage with ranged weapons and melee attacks
   (+2).
   It provides partial protection from all sources of acid and corrosion.
 n - a +1 pair of gloves (worn)
 s - a +2 hat
 I - a +1 pair of boots (worn)
 V - a +0 cloak (worn)
Jewellery
 x - a ring of poison resistance (right hand)
 H - an amulet of guardian spirit (around neck)
 X - a ring of protection from cold (left hand)
Wands
 a - a wand of flame (24)
 r - a wand of paralysis (20)
 L - a wand of enslavement (8)
 P - a wand of disintegration (11)
 S - a wand of digging (11)
 Y - a wand of acid (9)
Scrolls
 c - 8 scrolls of remove curse
 g - 7 scrolls of identify
 w - 2 scrolls of enchant armour
 y - 4 scrolls of magic mapping
 A - 5 scrolls of teleportation
 Q - 2 scrolls of silence
 T - 2 scrolls of fog
 W - 2 scrolls of enchant weapon
 Z - a scroll of blinking
Potions
 d - 2 potions of invisibility
 i - 7 potions of curing
 j - 2 potions of mutation
 m - a potion of lignification
 o - 3 potions of might
 p - a potion of agility
 q - 6 potions of heal wounds
 t - a potion of magic
 v - 3 potions of haste
 B - a potion of flight
 C - a potion of ambrosia {unknown}
 U - a potion of cancellation {unknown}
Miscellaneous
 O - a lamp of fire
Comestibles
 b - 38 rations
 k - 5 chunks of flesh


   Skills:
 + Level 11.6 Fighting
 * Level 17.6 Long Blades
 + Level 9.8 Throwing
 + Level 10.8 Dodging


You had 13 spell levels left.
You didn't know any spells.
Your spell library was empty.

Dungeon Overview and Level Annotations

Branches:
Dungeon (13/15)            Temple (1/1) D:5            Lair (6/6) D:10
 Shoals (0/4) Lair:4       Spider (0/4) Lair:4        Slime (0/5) Lair:6
    Orc (0/2) D:12          Sewer (visited)
 Vaults: D:13-14

Altars:
Ashenzari
Cheibriados
Dithmenos
Elyvilon
Fedhas
Gozag
Hepliaklqana
Kikubaaqudgha
Makhleb
Nemelex Xobeh
Okawaru
Qazlal
Ru
Sif Muna
Trog
Uskayaw
Vehumet
Wu Jian
Xom
Yredelemnul
Zin
The Shining One

Shops:
D:4 =   D:6 (

Annotations:
D:5 3 runed translucent doors, robbo's ghost, novice DECj
D:11 1 runed translucent door, 1 exclusion, Muismir's ghost, journeyman DsVM
D:12 2 transporters, praxLeonis's ghost, journeyman CeHu
Lair:6 1 runed translucent door


Innate Abilities, Weirdness & Mutations

You can breathe blasts of scalding, opaque steam.
Your pale cyan-grey scales are hard. (AC +8)
You cannot fit into any form of body armour.
You are cold-blooded and may be slowed by cold attacks.


Message History

Here: a very large slime creature An arrow.
The floor.
Unknown command.
You are too berserk!
You carve the very large slime creature like a ham!!!
You tail-slap the very large slime creature!
The very large slime creature is moderately wounded.
The very large slime creature closely misses you.
Unknown command.
You slash the very large slime creature!
The very large slime creature is moderately wounded.
You are no longer berserk.
You are exhausted.
You feel as though you will be slow longer.
The very large slime creature hits you!!!
* * * LOW HITPOINT WARNING * * *
You feel much better.
The very large slime creature hits you!!!
You die...

##.#######)##.##.### #.#
#...).....# #.#
#.)...#.#.# #+#
#.......#.# ..J
##....###.# ....
#.....##.# .....
#.....##.# #
.J....####...#.##.#####..
.....c)JJ@...............
......####...#.##........
..(.. ##..#.##..####.#
.... ##...##..# .c.
#..###..# #+ #..# #.<#
#..###..###.#
#.............
##.########.##


You could see a very large slime creature, a slime creature and a centaur.

Vanquished Creatures
  Gastronok (D:12)
  A death knight (D:12)
  8 hydras
  3 death yaks (Lair:6)
  A catoblepas (Lair:6)
  2 two-headed ogres
  A skeletal warrior (D:12)
  An unseen horror (D:12)
  Pikel (D:5)
  5 lindwurms (Lair:6)
  2 oklob plants (Lair:1)
  A deep elf mage (D:12)
  An ugly thing (D:12)
  2 cyclopes (D:11)
  5 elephants
  A molten gargoyle (Lair:3)
  3 black mambas
  A centaur skeleton (D:13)
  9 spiny frogs
  5 rime drakes
  6 torpor snails (Lair:6)
  10 komodo dragons
  3 trolls
  3 tyrant leeches (Lair:6)
  5 jumping spiders (Lair:4)
  A polar bear (Lair:6)
  6 hornets (Lair:6)
  10 slime creatures
  6 dream sheep
  16 blink frogs
  6 hippogriffs
  3 redbacks (Lair:4)
  Sigmund (D:6)
  2 wyverns
  2 shadows (D:12)
  47 yaks
  3 basilisks
  4 wraiths
  A steam dragon (D:10)
  Menkaure (D:6)
  A hungry ghost (D:9)
  2 wargs (D:10)
  19 water moccasins
  A soldier ant (D:12)
  4 porcupines
  6 orc warriors
  4 sky beasts
  An eye of draining (D:12)
  6 phantoms
  2 ice beasts
  2 black bears
  A slave (D:5)
  5 ogres
  4 necrophages
  10 centaurs
  16 wolves
  12 crocodiles
  A big kobold (D:10)
  20 bullfrogs
  A wyvern skeleton (D:9)
  4 scorpions
  10 killer bees
  10 wights
  4 howler monkeys (D:11)
  6 crimson imps
  3 bullfrog zombies
  7 hounds
  4 jellies
  17 orc wizards
  A bullfrog skeleton (D:9)
  9 orc priests
  Jessica (D:3)
  Ijyb (D:4)
  3 iguanas
  6 worker ants
  4 hell rats (Lair:5)
  2 hound zombies
  A howler monkey zombie (D:8)
  2 worker ant zombies (D:11)
  3 gnolls (D:2)
  19 adders
  6 river rats (Lair:5)
  6 shadow imps
  7 oozes
  An adder zombie (D:6)
  3 adder skeletons
  4 dart slugs
  A leopard gecko (D:4)
  46 orcs
  4 ball pythons
  11 bats
  9 giant cockroaches
  7 goblins
  7 hobgoblins
  10 jackals
  24 kobolds
  6 quokkas
  4 frilled lizards
  A jackal skeleton (D:5)
  A quokka skeleton (D:4)
  11 rats
  A fire vortex (Lair:3)
595 creatures vanquished.

Vanquished Creatures (collateral kills)
  Urug (Lair:1)
1 creature vanquished.

Vanquished Creatures (others)
  12 fungi (Lair:6)
  17 plants
29 creatures vanquished.

Grand Total: 625 creatures vanquished

Notes
Turn   | Place    | Note
-------+----------+-------------------------------------------
     0 | D:1      | CrazyMind the Draconian Berserker began the quest for the
                  | Orb.
     0 | D:1      | Reached XP level 1. HP: 19/19 MP: 1/1
   226 | D:1      | Reached XP level 2. HP: 26/26 MP: 2/2
   519 | D:1      | Reached ** piety under Trog
   519 | D:1      | Reached XP level 3. HP: 33/33 MP: 3/3
  1106 | D:2      | Reached XP level 4. HP: 40/40 MP: 4/4
  1275 | D:2      | Reached skill level 4 in Long Blades
  1933 | D:3      | Noticed Jessica
  2018 | D:3      | Reached XP level 5. HP: 46/46 MP: 5/5
  2157 | D:3      | Found a glowing drain.
  2167 | D:3      | Noticed a centaur
  2178 | D:3      | Killed a centaur
  2178 | D:3      | Reached skill level 5 in Long Blades
  2178 | D:3      | Reached XP level 6. HP: 39/53 MP: 6/6
  2192 | D:3      | Reached *** piety under Trog
  2206 | Sewer    | Entered a sewer
  3084 | D:3      | Reached skill level 1 in Throwing
  3383 | D:3      | Killed Jessica
  3432 | D:4      | Noticed Ijyb
  3455 | D:4      | Killed Ijyb
  3499 | D:4      | Reached **** piety under Trog
  3758 | D:4      | Your scales start taking on a pale cyan-grey colour.
  3758 | D:4      | Reached XP level 7. HP: 60/60 MP: 7/7
  3875 | D:4      | Reached skill level 6 in Long Blades
  4272 | D:4      | Found Dawyviy's Jewellery Shop.
  4557 | D:5      | Entered Level 5 of the Dungeon
  4791 | D:5      | Reached skill level 5 in Fighting
  4825 | D:5      | Found a staircase to the Ecumenical Temple.
  4833 | Temple   | Entered the Ecumenical Temple
  5108 | D:5      | Noticed Pikel
  5183 | D:6      | Noticed Sigmund
  5284 | D:5      | Reached skill level 5 in Dodging
  5609 | D:5      | Found a runed translucent gate.
  5610 | D:5      | Found a runed translucent gate.
  5610 | D:5      | Found a runed translucent gate.
  5611 | D:5      | Noticed robbo's ghost (novice DECj)
  5713 | D:5      | Reached XP level 8. HP: 68/68 MP: 8/8
  6153 | D:6      | Noticed a hippogriff
  6165 | D:6      | Killed a hippogriff
  6181 | D:6      | Killed Sigmund
  6348 | D:6      | Found Laudom's Weapon Emporium.
  6457 | D:6      | Noticed Menkaure
  6469 | D:6      | Killed Menkaure
  6907 | D:5      | Killed Pikel
  6907 | D:5      | Reached skill level 5 in Throwing
  6907 | D:5      | Reached XP level 9. HP: 78/78 MP: 9/9
  7767 | D:7      | Found a hazy altar of Hepliaklqana.
  8325 | D:8      | Reached skill level 7 in Long Blades
  8454 | D:8      | Received a gift from Trog
  8512 | D:8      | Reached XP level 10. HP: 49/86 MP: 10/10
  8734 | D:8      | Noticed a two-headed ogre
  8757 | D:8      | Killed a two-headed ogre
  8757 | D:8      | Reached skill level 8 in Long Blades
  9375 | D:8      | Reached skill level 9 in Long Blades
  9720 | D:9      | Found a bloodstained altar of Trog.
  9961 | D:9      | Reached ***** piety under Trog
 10529 | D:9      | Received a gift from Trog
 10687 | D:10     | Entered Level 10 of the Dungeon
 10722 | D:10     | Reached skill level 10 in Long Blades
 10920 | D:10     | Found a staircase to the Lair.
 10937 | D:10     | Reached XP level 11. HP: 41/94 MP: 6/11
 12009 | D:10     | Reached skill level 11 in Long Blades
 12570 | Lair:1   | Entered Level 1 of the Lair of Beasts
 12723 | Lair:1   | Noticed Urug
 12751 | Lair:1   | Killed Urug
 13068 | Lair:1   | Noticed an oklob plant
 13071 | Lair:1   | Noticed an oklob plant
 13227 | Lair:1   | Received a gift from Trog
 13628 | Lair:1   | Killed an oklob plant
 13640 | Lair:1   | Killed an oklob plant
 14349 | Lair:2   | Reached skill level 12 in Long Blades
 15476 | Lair:2   | Reached XP level 12. HP: 86/104 MP: 9/12
 16178 | Lair:3   | Reached skill level 13 in Long Blades
 16774 | Lair:4   | Noticed an eight-headed hydra
 16860 | Lair:4   | Found a hole to the Spider Nest.
 16917 | Lair:4   | Killed an eight-headed hydra
 17167 | Lair:4   | Found a staircase to the Shoals.
 17649 | Lair:4   | Reached skill level 10 in Dodging
 17936 | Lair:5   | Reached skill level 14 in Long Blades
 17942 | Lair:5   | Noticed a six-headed hydra
 17959 | Lair:5   | Killed a six-headed hydra
 17959 | Lair:5   | Reached skill level 10 in Fighting
 18161 | Lair:4   | Identified 2 scrolls of acquirement
 18170 | Lair:4   | Got a distressingly furry hat
 18171 | Lair:4   | Identified the +0 hat "Naomupp Maush" {rCorr Str-4 Slay+2}
                  | (You acquired it on level 4 of the Lair of Beasts)
 18287 | Lair:5   | Noticed a five-headed hydra
 18301 | Lair:5   | Noticed a six-headed hydra
 18305 | Lair:5   | Killed a five-headed hydra
 18319 | Lair:5   | Killed a six-headed hydra
 19260 | Lair:5   | Received a gift from Trog
 19273 | Lair:5   | Reached XP level 13. HP: 75/113 MP: 8/13
 19773 | Lair:6   | Entered Level 6 of the Lair of Beasts
 19907 | Lair:6   | Received a gift from Trog
 19949 | Lair:6   | Found a runed translucent door.
 19950 | Lair:6   | Noticed a fire dragon
 21357 | Lair:6   | Reached skill level 15 in Long Blades
 22479 | Lair:6   | Found a staircase to the Slime Pits.
 22623 | Lair:6   | Reached skill level 16 in Long Blades
 22826 | Lair:6   | Reached XP level 14. HP: 76/124 MP: 2/14
 23991 | D:11     | Received a gift from Trog
 24461 | D:11     | Found a bloodstained altar of Trog.
 24791 | D:11     | Found a runed translucent door.
 24791 | D:11     | Noticed Muismir's ghost (journeyman DsVM)
 25563 | D:12     | Noticed praxLeonis's ghost (journeyman CeHu)
 25563 | D:12     | Identified the +8 halberd of the Ancients {antimagic, MR+}
 25600 | D:12     | Reached skill level 17 in Long Blades
 25855 | D:12     | Found a transporter.
 25856 | D:12     | Found a bloodstained altar of Trog.
 26019 | D:12     | Noticed Gastronok
 26036 | D:12     | Killed Gastronok
 26036 | D:12     | Received a gift from Trog
 26284 | D:12     | Found a transporter.
 26852 | D:12     | Found a staircase to the Orcish Mines.
 27110 | D:12     | Received a gift from Trog
 27779 | D:13     | Mangled by a very large slime creature

Levels and vault maps discovered:
D:1:      giann_wishing_wells, layout_loops_ring
D:2:      layout_basic, hangedman_decor_growths, grunt_decor_mini_mirrors
D:3:      layout_basic, gup_sewer_entry_glass, kennysheep_jessica_study
D:4:      minmay_chambers_of_fours, layout_loops_ring, serial_shops,
          nicolae_shop_stone, uniq_ijyb
D:5:      black_bear_nest_1, layout_loops_ring, minmay_temple_entry_overgrown,
          ebering_ghost_rock_garden, first_ration, uniq_pikel
D:6:      layout_rooms, serial_shops, shop, uniq_menkaure, uniq_sigmund
D:7:      layout_rooms, basic_altar
D:8:      layout_loops_ring
D:9:      layout_irregular_city, bloody_trog, hangedman_little_slice_of_home
D:10:     layout_cave_pods, erik_lair_orcish_takeover
D:11:     layout_loops_cross, ebering_ghost_inner_flame, minmay_ruined_shrine
D:12:     layout_long_grid, orc_0_dummy, gammafunk_ghost_wrathful_warriors,
          uniq_gastronok
D:13:     layout_loops_corners, minivault_22, eino_house_with_fridge
Temple:   nicolae_temple_the_god_donut
Lair:1:   layout_cave_pods, minmay_lair_oklob_chamber, uniq_urug
Lair:2:   layout_roguey, serial_bayou_shore_a
Lair:3:   layout_gridlike
Lair:4:   layout_regular_city, elwin_shoals_entry_rocks,
          nicolae_spider_entry_tight_spaces, serial_bayou_lagoon_a,
          cheibrodos_lair_reptile_den
Lair:5:   layout_hall_layers, kennysheep_abandoned_house
Lair:6:   wormcave, layout_gridlike, hangedman_lair_in_review, slime_dummy,
          infiniplex_staircase_pool_2

Skill      XL: |  1  2  3  4  5  6  7  8  9 10 11 12 13 14 |
---------------+-------------------------------------------+-----
Dodging        | 3 4 5 7 8 9 10 | 10.8
Fighting       | 4 5 6 7 8 9 10 11 | 11.6
Long Blades    | 4 5 6 7 10 12 14 16 17 | 17.6
Throwing       | 1 3 5 6 7 8 9 |  9.8

Action                   |  1- 3 |  4- 6 |  7- 9 | 10-12 | 13-15 || total
-------------------------+-------+-------+-------+-------+-------++-------
Melee: Falchion          |    80 |   198 |       |       |       ||   278
       Tailslap          |     4 |    33 |    75 |   228 |   131 ||   471
       Short sword       |       |    47 |   398 |       |       ||   445
       Long sword        |       |       |    99 |   951 |    60 ||  1110
       Dagger            |       |       |       |    32 |    22 ||    54
       Triple sword      |       |       |       |       |   483 ||   483
Throw: Stone             |     6 |    37 |     2 |    20 |       ||    65
       Boomerang         |       |    13 |    52 |   149 |   119 ||   333
       Dart              |       |       |    42 |    49 |    33 ||   124
       Javelin           |       |       |     1 |     2 |     6 ||     9
Invok: Berserk           |     4 |     5 |     8 |    11 |    11 ||    39
       Trog's Hand       |       |     4 |     5 |     4 |     4 ||    17
       Brothers in Arms  |       |       |     1 |     1 |     1 ||     3
 Abil: Breathe Steam     |       |       |     1 |     4 |     4 ||     9
  Use: Scroll            |       |     6 |     1 |    11 |     3 ||    21
       Potion            |       |       |     3 |     7 |     5 ||    15
 Stab: Sleeping          |     1 |       |       |     1 |     2 ||     4
       Invisible         |       |       |       |     3 |     2 ||     5
       Distracted        |       |       |       |     2 |     2 ||     4
  Eat: Chunk             |     4 |    14 |    23 |    29 |    29 ||    99
       Ration            |       |       |     1 |     6 |     3 ||    10
Armor: Skin              |    40 |    76 |   162 |   218 |   147 ||   643
Dodge: Dodged            |    64 |   176 |   355 |   666 |   511 ||  1772
       Rpst.: Falchion   |    21 |    46 |       |       |       ||    67
       Long sword        |       |       |    26 |   192 |    13 ||   231
       Triple sword      |       |       |       |       |   136 ||   136
